 Dungeon Crawl Stone Soup version 0.25-a0-479-g8579842fd4 (webtiles) character file.

Game seed: 17712631224557026431, levelgen mode: deterministic

740 Esekla the Thaumaturge (level 7, -12/36 HPs)
             Began as a Deep Elf Wizard on Feb 9, 2020.
             Was a Believer of Vehumet.
             Engulfed by a cloud of freezing vapour (26 damage)
             ... on level 5 of the Dungeon.
             The game lasted 00:43:59 (5447 turns).

Esekla the Thaumaturge (Deep Elf Wizard)            Turns: 5447, Time: 00:43:59

Health: -12/36     AC:  2    Str:  6    XL:     7   Next: 46%
Magic:  20/20      EV: 16    Int: 23    God:    Vehumet [**....]
Gold:   248        SH:  3    Dex: 13    Spells: 13/22 levels left

rFire    . . .     SeeInvis .   v - +4 short sword (venom)
rCold    . . .     Gourm    .   (no shield)
rNeg     . . .     Faith    .   a - +0 robe
rPois    .         Spirit   .   A - -1 helmet (curse)
rElec    .         Reflect  +   (no cloak)
rCorr    .         Harm     .   (no gloves)
MR       .....                  (no boots)
Stlth    ++........             f - +3 amulet of reflection
HPRegen  0.12/turn              n - +2 ring of evasion
MPRegen  0.17/turn              (no ring)

@: no status effects
A: no striking features
a: Renounce Religion


You were on level 5 of the Dungeon.
You worshipped Vehumet.
Vehumet was pleased with you.
You were hungry.

You visited 2 branches of the dungeon, and saw 6 of its levels.

You collected 248 gold pieces.

Inventory:

Hand Weapons
 l - a +0 long sword
 u - a +0 spear
 v - a +4 short sword of venom (weapon)
Missiles
 E - 6 boomerangs (quivered)
Armour
 a - a +0 robe (worn)
 b - a +0 hat
 A - a cursed -1 helmet (worn)
Jewellery
 f - a +3 amulet of reflection (around neck)
 n - a +2 ring of evasion (left hand)
 t - an uncursed amulet of the gourmand {unknown}
 y - an uncursed ring of ice {unknown}
 D - a cursed ring of teleportation {unknown}
Wands
 p - a wand of enslavement (5)
Scrolls
 e - 2 scrolls of magic mapping {unknown}
 h - 2 scrolls of amnesia {unknown}
 i - 3 scrolls of fear
 k - a scroll of remove curse {unknown}
 m - a scroll of fog {unknown}
 o - a scroll of teleportation {unknown}
 s - 2 scrolls of enchant weapon {unknown}
 w - 2 scrolls of noise {unknown}
 x - a scroll of enchant armour {unknown}
Potions
 g - 3 potions of brilliance
 j - 5 potions of curing
 q - a potion of heal wounds {unknown}
 r - a potion of cancellation {unknown}
 z - a potion of lignification
 C - a potion of haste {unknown}
Comestibles
 d - 9 rations


   Skills:
 + Level 0.4(1.0) Short Blades
 + Level 1.1(1.2) Long Blades
 * Level 4.2 Dodging
 - Level 2.4 Stealth
 * Level 8.1 Spellcasting
 + Level 2.9 Conjurations
   Level 1.1 Summonings
 + Level 2.4 Translocations
 * Level 2.0 Fire Magic
 * Level 2.1 Air Magic
 * Level 2.4 Poison Magic


You had 13 spell levels left.
You knew the following spells:

 Your Spells              Type           Power        Failure   Level  Hunger
a - Magic Dart            Conj           ###.         1%          1    None
b - Blink                 Tloc           N/A          3%          2    None
c - Mephitic Cloud        Conj/Pois/Air  ###.....     8%          3    None
f - Conjure Flame         Conj/Fire      ###.....     8%          3    None

Your spell library contained the following spells:

 Spells                   Type           Power        Failure   Level  Hunger
 Sandblast                Erth           #.....       7%          1    None
 Call Imp                 Summ           ##......     7%          2    None
 Slow                     Hex            #.......     11%         2    None


Dungeon Overview and Level Annotations

Branches:
Dungeon (5/15)             Temple (1/1) D:5

Altars:
Ashenzari
Dithmenos
Elyvilon
Fedhas
Gozag
Hepliaklqana
Kikubaaqudgha
Nemelex Xobeh
Okawaru
Qazlal
Ru
Sif Muna
Trog
Uskayaw
Vehumet
Wu Jian
Xom
Yredelemnul
Zin


Message History

It is a scroll of identify.
j - 5 potions of curing
As you read the scroll of identify, it crumbles to dust.
g - 3 potions of brilliance
As you read the scroll of identify, it crumbles to dust.
z - a potion of lignification Saving game... please wait.
Welcome back, Esekla the Deep Elf Wizard.
Vehumet says: Let it end in hellfire!
Press ? for a list of commands and other information.
You open the door.
Okay, then.
Okay, then.
Really walk into a travel-excluded area?
There is an open door here.
You are engulfed in freezing vapours.
Ouch! That really hurt!
You are engulfed in freezing vapours.
Ouch! That really hurt!
You die...

#..#.### #.#$#.'.........# #.#
#....# #.#$#☼#......#### #.#
###.#### #.#$#☼#.#.#########.#
#......# #.#$#☼#..>..........#
#......# #.#.#☼#..........####
#......# #.#.#☼#.##.........#
#......# #.#.#☼#.##......##.#
#......# #.#.#☼#.##......##.#
#......# #.#.#@#.##.........#
#.)....#####.#.#☼#.##......####
#......#.....#☼#.#.##......#
#......#.....#☼#.#.##......#
.............#☼#.#.#########
.............#☼#.#.#
.............#☼#.#.#
.............#☼#.#.#
.............#.#.#.#


There were no monsters in sight!

Vanquished Creatures
  Duvessa (D:5)
  A crimson imp (D:5)
  2 hounds
  3 orc wizards
  2 orc priests (D:3)
  Natasha (thrice) (D:3)
  2 bullfrog skeletons (D:5)
  Ijyb (D:5)
  2 hound zombies (D:5)
  8 adders
  3 shadow imps
  2 oozes
  An adder skeleton (D:4)
  2 worms
  2 dart slugs
  4 leopard geckos
  8 orcs
  5 giant cockroaches
  11 hobgoblins
  9 kobolds
  2 quokkas (D:2)
  4 ball pythons
  9 bats
  6 frilled lizards
  5 goblins
  A jackal skeleton (D:5)
  5 rats
104 creatures vanquished.

Vanquished Creatures (collateral kills)
  Dowan (D:5)
1 creature vanquished.

Grand Total: 105 creatures vanquished

Notes
Turn   | Place    | Note
-------+----------+-------------------------------------------
     0 | D:1      | Esekla the Deep Elf Wizard began the quest for the Orb.
     0 | D:1      | Reached XP level 1. HP: 10/10 MP: 7/7
   178 | D:1      | Reached skill level 5 in Spellcasting
   192 | D:1      | Reached XP level 2. HP: 4/15 MP: 3/10
   207 | D:1      | Learned a level 2 spell: Blink
   545 | D:2      | Found a stormy altar of Qazlal.
   597 | D:2      | Reached XP level 3. HP: 15/19 MP: 3/12
   744 | D:2      | Reached skill level 6 in Spellcasting
   764 | D:2      | Found a sparkling altar of Nemelex Xobeh.
   836 | D:2      | Learned a level 3 spell: Mephitic Cloud
   840 | D:2      | Learned a level 3 spell: Conjure Flame
   941 | D:3      | Noticed Natasha
   953 | D:3      | Killed Natasha
   953 | D:3      | Reached XP level 4. HP: 24/24 MP: 8/14
  1031 | D:3      | Found a blossoming altar of Fedhas.
  1148 | D:5      | Entered Level 5 of the Dungeon
  1190 | D:5      | Found a staircase to the Ecumenical Temple.
  1203 | D:5      | Noticed Ijyb
  1204 | Temple   | Entered the Ecumenical Temple
  1386 | Temple   | Became a worshipper of Vehumet
  1500 | D:5      | Reached XP level 5. HP: 16/28 MP: 13/16
  1813 | D:5      | Killed Ijyb
  1813 | D:5      | Reached skill level 1 in Air Magic
  1933 | D:5      | Noticed Duvessa
  1942 | D:5      | Noticed Dowan
  1955 | D:5      | Killed Dowan
  1955 | D:5      | Reached skill level 1 in Fire Magic
  1955 | D:5      | Reached skill level 1 in Poison Magic
  2473 | D:4      | Found an iron altar of Okawaru.
  2527 | D:4      | Found a sparkling altar of Nemelex Xobeh.
  2620 | D:4      | Noticed a crocodile
  3031 | D:3      | Reached skill level 7 in Spellcasting
  3066 | D:3      | Reached XP level 6. HP: 32/32 MP: 12/18
  3150 | D:3      | Noticed Natasha
  3159 | D:3      | Killed Natasha
  3399 | D:3      | Found a shattered altar of Ashenzari.
  3430 | D:3      | Noticed Natasha
  3438 | D:3      | Killed Natasha
  3888 | D:1      | Reached * piety under Vehumet
  3888 | D:1      | Offered knowledge of Freeze by Vehumet.
  4762 | D:5      | Reached XP level 7. HP: 36/36 MP: 14/20
  4972 | D:5      | Killed Duvessa
  4972 | D:5      | Reached skill level 1 in Long Blades
  5314 | D:5      | Offered knowledge of Sandblast by Vehumet.
  5317 | D:5      | Reached ** piety under Vehumet
  5317 | D:5      | Reached skill level 8 in Spellcasting
  5447 | D:5      | Engulfed by a cloud of freezing vapour

Levels and vault maps discovered:
D:1:      matt_arrival_los_fun, layout_basic
D:2:      layout_rooms, lemuel_crystal_altar, minivault_14, nemelex_altar_shiori
D:3:      layout_loops_ring, ashenzari_altar_1, first_ration,
          minmay_misc_feat_diagonals, st_stairs_7, fedhas_ov_isle_minmay,
          uniq_natasha
D:4:      layout_gridville, okawaru_metal_pillars_1_2,
          nemelex_spade_bored_becter
D:5:      lemuel_ice_spiral_2, layout_basic, minmay_temple_entry_steel_oval,
          kennysheep_generic_room_6, uniq_duvessa, uniq_ijyb
Temple:   nicolae_temple_elliptical

Skill      XL: |  1  2  3  4  5  6  7 |
---------------+----------------------+-----
Spellcasting   | 5 6 7 8 |  8.1
Dodging        | 3 4 |  4.2
Conjurations   | 2 |  2.9
Air Magic      | 1 2 |  2.1
Translocations | 2 |  2.4
Fire Magic     | 1 2 |  2.0
Poison Magic   | 1 2 |  2.4
Long Blades    | 1 |  1.1
Short Blades   | |  0.4
Stealth        | |  2.4
Summonings     | |  1.1

Action                   |  1- 3 |  4- 6 |  7- 9 || total
-------------------------+-------+-------+-------++-------
Melee: Unarmed           |     1 |       |       ||     1
       Dagger            |    22 |    39 |       ||    61
       Long sword        |       |    47 |     3 ||    50
       Short sword       |       |       |    11 ||    11
Throw: Boomerang         |       |       |    11 ||    11
 Cast: Magic Dart        |    71 |   172 |    30 ||   273
       Mephitic Cloud    |     1 |    12 |     3 ||    16
       Blink             |       |     9 |     1 ||    10
       Conjure Flame     |       |     1 |       ||     1
  Use: Scroll            |       |       |     4 ||     4
 Stab: Sleeping          |     6 |     3 |     1 ||    10
       Confused          |     1 |     8 |     1 ||    10
  Eat: Chunk             |       |    10 |     3 ||    13
Armor: Robe              |    14 |    14 |     2 ||    30
Dodge: Dodged            |    43 |   106 |    18 ||   167
Block: Other             |     3 |    22 |     4 ||    29
       Reflection        |       |     1 |       ||     1
       Rpst.: Long sword |       |    20 |     5 ||    25

Table legend:
 A = Non-vault XP
 B = Vault XP
 C = Vault XP percentage of total XP
 D = Non-vault monster count
 E = Vault monster count
 F = Vault count percentage of total count
                 A         B        C        D         E       F
            +---------+---------+-------+---------+---------+-------
      Total |     729 |     329 |  31.1 |      97 |       8 |   7.6
            +---------+---------+-------+---------+---------+-------
        D:1 |      51 |       0 |   0.0 |      29 |       0 |   0.0
        D:2 |      69 |       0 |   0.0 |      21 |       0 |   0.0
        D:3 |     294 |      39 |  11.7 |      30 |       1 |   3.2
        D:4 |       8 |       5 |  38.5 |       2 |       1 |  33.3
        D:5 |     240 |     285 |  54.3 |      12 |       6 |  33.3
     Temple |      67 |       0 |   0.0 |       3 |       0 |   0.0
            +---------+---------+-------+---------+---------+-------
